[Event "GER-ch Youth U12M 2018"]
[Site "Willingen"]
[Date "2018.05.22"]
[Round "5"]
[White "Werner, Denis"]
[Black "Eilenberg, Jonas"]
[Result "0-1"]
[ECO "C11"]
[WhiteElo "1706"]
[BlackElo "1852"]
[Annotator "NA RC"]
[PlyCount "56"]
[EventDate "2018.05.19"]
[EventType "swiss"]
[EventCountry "GER"]
[SourceTitle "playchess.com"]
[Source "ChessBase"]
[SourceQuality "1"]
[TimeControl "40/4500+30:900+30"]

1. e4 e6 2. Nf3 d5 3. Nc3 Nf6 4. e5 Nfd7 5. d4 c5 6. dxc5 Nxc5 7. Bf4 Nc6 8. Qd2 Be7 9. h4 a6 10. O-O-O b5 11. Qe3 Qa5 12. a3 b4 13. axb4 Nxb4 14. Nd2 Bb7 15. Be2 Rc8 16. Ndb1 Ne4 17. Bd3 Bc5 18. Qe2 Nxf2 19. Rhf1 Nxd1 20. Qxd1 d4 21. Bg5 dxc3 22. Nxc3 Nd5 23. Qh5 Rc7 24. Ne4 Qa1+ 25. Kd2 Bb4+ 26. Ke2 Qxb2 27. Nd6+ Bxd6 28. exd6 Qe5+ 0-1

[Event "GER-ch Youth U12M 2018"]
[Site "Willingen"]
[Date "2018.05.22"]
[Round "5"]
[White "Gluma, Christian"]
[Black "Lutz, Adam"]
[Result "0-1"]
[ECO "B83"]
[WhiteElo "1601"]
[BlackElo "1761"]
[Annotator "NA RC"]
[PlyCount "68"]
[EventDate "2018.05.19"]
[EventType "swiss"]
[EventCountry "GER"]
[SourceTitle "playchess.com"]
[Source "ChessBase"]
[SourceQuality "1"]
[TimeControl "40/4500+30:900+30"]

1. e4 c5 2. Nf3 e6 3. d4 cxd4 4. Nxd4 Nf6 5. Nc3 d6 6. Be2 Be7 7. O-O a6 8. Be3 Qc7 9. a4 O-O 10. f3 b6 11. Qd2 Bb7 12. Rfc1 Rd8 13. Nb3 Nbd7 14. Nd1 d5 15. exd5 Nxd5 16. Bf2 Nc5 17. Nxc5 Bxc5 18. Qe1 Nf4 19. Bf1 Rd5 20. Bxc5 Qxc5+ 21. Qf2 Qd6 22. Ne3 Rg5 23. Qh4 Qe5 24. Kh1 Rh5 25. Nc4 Qc7 26. Qg3 h6 27. Nxb6 Rd8 28. Rd1 Rxd1 29. Rxd1 Rg5 30. Qf2 Qc6 31. a5 Kh7 32. Bd3+ f5 33. Bf1 Nh3 34. Qe2 Qc5 0-1

[Event "GER-ch Youth U12M 2018"]
[Site "Willingen"]
[Date "2018.05.22"]
[Round "5"]
[White "Stepanov, Maximilian"]
[Black "Hänselmann, Hendrik"]
[Result "1-0"]
[ECO "A45"]
[WhiteElo "1300"]
[BlackElo "1692"]
[Annotator "NA RC"]
[PlyCount "161"]
[EventDate "2018.05.19"]
[EventType "swiss"]
[EventCountry "GER"]
[SourceTitle "playchess.com"]
[Source "ChessBase"]
[SourceQuality "1"]
[TimeControl "40/4500+30:900+30"]

1. d4 Nf6 2. c3 e6 3. Nf3 c5 4. Bf4 Be7 5. e3 d5 6. h3 O-O 7. Nbd2 b6 8. Be2 Ba6 9. O-O Bxe2 10. Qxe2 Nc6 11. Ne5 Qc8 12. Ndf3 Qb7 13. Nxc6 Qxc6 14. Ne5 Qb7 15. Rab1 Rac8 16. Rfc1 Rfd8 17. Ng4 Nxg4 18. Qxg4 c4 19. f3 b5 20. Re1 Re8 21. Bh6 Bf8 22. e4 Kh8 23. Bf4 a5 24. exd5 exd5 25. Qf5 b4 26. Re5 Rxe5 27. Bxe5 Re8 28. a3 Qc8 29. Qxf7 Qe6 30. Qa7 Qg6 31. Re1 bxa3 32. bxa3 Kg8 33. Qxa5 Qc6 34. a4 Ra8 35. Qb5 Qxb5 36. axb5 Ra3 37. b6 Rb3 38. Bc7 Ba3 39. Ra1 Bb2 40. Ra8+ Kf7 41. Ra7 Bxc3 42. Be5+ Ke6 43. b7 g6 44. b8=Q Rxb8 45. Bxb8 Bxd4+ 46. Kf1 Bxa7 47. Bxa7 Ke5 48. Ke2 Kf4 49. Bb8+ Kf5 50. Ke3 c3 51. Kd3 d4 52. g3 g5 53. Ba7 h5 54. Bxd4 c2 55. Kxc2 h4 56. Bf2 hxg3 57. Bxg3 Kg6 58. Kd3 Kf5 59. Ke3 Kg6 60. h4 gxh4 61. Bxh4 Kf5 62. f4 Ke6 63. Ke4 Kf7 64. Kf5 Ke8 65. Kg6 Kf8 66. Kf6 Ke8 67. Kg7 Kd7 68. f5 Ke8 69. f6 Kd7 70. f7 Kc6 71. f8=Q Kd5 72. Qe7 Kc6 73. Qd8 Kc5 74. Qd7 Kc4 75. Bf2 Kc3 76. Qd5 Kb4 77. Be1+ Ka3 78. Qb5 Ka2 79. Qb4 Ka1 80. Bc3+ Ka2 81. Qb2# 1-0

[Event "GER-ch Youth U12M 2018"]
[Site "Willingen"]
[Date "2018.05.23"]
[Round "6"]
[White "Laux, Dominik"]
[Black "Prieb, Robert"]
[Result "*"]
[ECO "A45"]
[WhiteElo "1889"]
[BlackElo "1709"]
[Annotator "NA RC"]
[PlyCount "89"]
[EventDate "2018.05.19"]
[EventType "swiss"]
[EventCountry "GER"]
[SourceTitle "playchess.com"]
[Source "ChessBase"]
[SourceQuality "1"]
[TimeControl "40/4500+30:900+30"]

1. d4 Nf6 2. Bg5 e6 3. Nd2 d5 4. e3 c5 5. c3 Nc6 6. Bd3 Be7 7. f4 O-O 8. Ngf3 Ng4 9. Bxe7 Qxe7 10. Qe2 b6 11. O-O Nf6 12. Ne5 Bb7 13. Rf3 Ne4 14. Rh3 g6 15. Bc2 Nxe5 16. fxe5 f5 17. Rf3 Ng5 18. Rf2 Rf7 19. Raf1 a5 20. Bd3 c4 21. Bc2 b5 22. a4 b4 23. h4 Ne4 24. Nxe4 dxe4 25. Qxc4 bxc3 26. Bb3 Bd5 27. Qxc3 Qxh4 28. Bxd5 exd5 29. Qc6 Qd8 30. Rc1 Raa7 31. Qc8 Qxc8 32. Rxc8+ Kg7 33. Rc5 Rfd7 34. Rfc2 g5 35. Rf2 f4 36. exf4 e3 37. Re2 gxf4 38. g3 Kg6 39. gxf4 Kf5 40. Rxe3 Kxf4 41. Kf2 Rab7 42. b3 Rb4 43. e6 Re7 44. Rxd5 h5 45. Rxh5 *

[Event "GER-ch Youth U12M 2018"]
[Site "Willingen"]
[Date "2018.05.23"]
[Round "6"]
[White "Tham, Nam"]
[Black "Farokhi, Keyvan"]
[Result "1/2-1/2"]
[ECO "C54"]
[WhiteElo "1866"]
[BlackElo "1844"]
[Annotator "NA RC"]
[PlyCount "86"]
[EventDate "2018.05.19"]
[EventType "swiss"]
[EventCountry "GER"]
[SourceTitle "playchess.com"]
[Source "ChessBase"]
[SourceQuality "1"]
[TimeControl "40/4500+30:900+30"]

1. e4 e5 2. Nf3 Nc6 3. Bc4 Bc5 4. c3 Nf6 5. d3 d6 6. Bb3 a6 7. Nbd2 Ba7 8. h3 h6 {[%emt 0:00:07] C54: Italienische Partie (Hauptvariante)} 9. Nf1 Nh5 {[%emt 0:00:38] LiveBook: 6 Games} (9... d5 10. Qe2 Be6 11. Ng3 O-O 12. O-O Re8 13. Re1 Qe7 14. Nh4 Rad8 15. Nhf5 Qf8 16. Qf3 dxe4 17. Nxh6+ gxh6 18. Qxf6 Bxb3 19. Bxh6 {0-1 (64) Erenburg,S (2564)-Van Foreest,J (2629) chess.com INT 2018}) 10. Be3 $146 ({Vorgänger:} 10. g4 Nf4 11. Ng3 g5 12. Bxf4 gxf4 13. Nf5 Bxf5 14. gxf5 Qf6 {½-½ (14) Stachanczyk,J (2192)-Carnicelli,V (2307) Cutro 2018}) 10... Bxe3 11. fxe3 O-O 12. Bc2 Qe7 13. Qe2 b5 14. g4 Nf6 15. Ng3 g6 16. O-O-O Nh7 17. Rdg1 b4 18. c4 a5 19. Bb1 a4 20. Qg2 Qf6 21. Rf1 Qg7 22. Nh4 Ne7 23. Qf2 c6 24. Rhg1 f6 25. Nf3 d5 26. Nf5 Bxf5 27. gxf5 g5 28. h4 Kf7 29. hxg5 hxg5 30. Rh1 dxe4 31. dxe4 Rh8 32. Qh2 Kg8 33. Rd1 Nf8 $16 34. Qg3 Rxh1 35. Rxh1 Rd8 36. Bc2 a3 37. Bb3 axb2+ 38. Kxb2 c5 39. Bc2 Nc8 40. Rd1 Rxd1 41. Bxd1 Nd6 42. Nd2 Qa7 43. Bb3 Qa3+ 1/2-1/2

[Event "GER-ch Youth U12M 2018"]
[Site "Willingen"]
[Date "2018.05.23"]
[Round "6"]
[White "Eilenberg, Jonas"]
[Black "Bui, Bao Anh Le"]
[Result "1/2-1/2"]
[ECO "D43"]
[WhiteElo "1852"]
[BlackElo "1974"]
[Annotator "NA RC"]
[PlyCount "41"]
[EventDate "2018.05.19"]
[EventType "swiss"]
[EventCountry "GER"]
[SourceTitle "playchess.com"]
[Source "ChessBase"]
[SourceQuality "1"]
[TimeControl "40/4500+30:900+30"]

1. d4 d5 2. c4 e6 3. Nc3 c6 4. Nf3 Nf6 {[%emt 0:02:53] LiveBook: 26547 Games} 5. g3 dxc4 6. Bg2 Nbd7 7. O-O Be7 8. e4 O-O 9. Qe2 b5 10. Rd1 $15 Qb6 11. Be3 Ng4 12. Bf4 e5 13. Be3 exd4 14. Bxd4 Bc5 15. h3 Bxd4 16. hxg4 Bxc3 17. bxc3 Nc5 18. Nd4 Rb8 19. Rab1 Nd3 20. Bh3 Qc5 21. Rxd3 1/2-1/2

[Event "GER-ch Youth U12M 2018"]
[Site "Willingen"]
[Date "2018.05.23"]
[Round "6"]
[White "Metzdorf, Matteo"]
[Black "Stepanov, Maximilian"]
[Result "1-0"]
[ECO "B06"]
[WhiteElo "1832"]
[BlackElo "1300"]
[Annotator "NA RC"]
[PlyCount "41"]
[EventDate "2018.05.19"]
[EventType "swiss"]
[EventCountry "GER"]
[SourceTitle "playchess.com"]
[Source "ChessBase"]
[SourceQuality "1"]
[TimeControl "40/4500+30:900+30"]

1. e4 d6 2. d4 g6 3. Nc3 Bg7 4. Bg5 h6 5. Be3 e6 6. Qd2 Nd7 7. O-O-O g5 8. h4 gxh4 9. Nf3 b6 10. d5 e5 $18 11. Nxh4 Ndf6 12. Bb5+ Ke7 13. f3 h5 14. Ne2 a6 15. Bc6 Rb8 16. Ng3 Nh6 17. Bxh6 Bxh6 18. Nhf5+ Bxf5 19. Nxf5+ Kf8 20. Nxh6 b5 21. Nf5 1-0

[Event "GER-ch Youth U12M 2018"]
[Site "Willingen"]
[Date "2018.05.23"]
[Round "6"]
[White "Schubert, Nikita"]
[Black "Foerster-Yialamas, Lucas"]
[Result "*"]
[ECO "D85"]
[WhiteElo "1802"]
[BlackElo "1924"]
[Annotator "NA RC"]
[PlyCount "108"]
[EventDate "2018.05.19"]
[EventType "swiss"]
[EventCountry "GER"]
[SourceTitle "playchess.com"]
[Source "ChessBase"]
[SourceQuality "1"]
[TimeControl "40/4500+30:900+30"]

1. d4 Nf6 2. c4 g6 3. Nc3 d5 4. cxd5 Nxd5 $14 {[%emt 0:00:01] LiveBook: 13939 Games} 5. g3 Bg7 6. Bg2 Nxc3 7. bxc3 c5 8. e3 O-O 9. Ne2 cxd4 10. cxd4 Nc6 11. O-O Qc7 12. Ba3 Rd8 13. Rc1 Be6 14. Qc2 Qa5 15. Qb2 Bd5 16. Bxd5 Qxd5 17. Nc3 Qf3 18. Rfd1 e6 19. Qe2 Qf5 20. Qc2 Qa5 21. Qb3 Rab8 22. Qa4 Qh5 23. Qc4 Rbc8 24. Qb5 Qf3 25. Qd3 Ne5 26. Qf1 Nc4 27. Nb1 Nxa3 28. Nxa3 Bh6 29. Nc4 b5 30. Ne5 Qe4 31. Rxc8 Rxc8 32. Qxb5 Qc2 33. Qb3 Qe2 34. Rf1 Rf8 35. a4 Bg7 36. Qd3 Qa2 37. Qc4 Qa3 38. Nd7 Rd8 39. Nc5 e5 40. Rd1 exd4 41. exd4 Rxd4 42. Rxd4 Qa1+ 43. Kg2 Qxd4 44. Qxd4 Bxd4 45. Nb3 Bf6 46. Kf3 Kf8 47. Ke4 Ke7 48. Kd5 Kd7 49. Kc5 Kc7 50. Kb5 Bc3 51. Ka6 Be1 52. f3 Bf2 53. Nd2 f5 54. g4 h5 *

[Event "GER-ch Youth U12M 2018"]
[Site "Willingen"]
[Date "2018.05.23"]
[Round "6"]
[White "Lutz, Adam"]
[Black "Hommer, Jeremy"]
[Result "1/2-1/2"]
[ECO "C11"]
[WhiteElo "1761"]
[BlackElo "1897"]
[Annotator "NA RC"]
[PlyCount "35"]
[EventDate "2018.05.19"]
[EventType "swiss"]
[EventCountry "GER"]
[SourceTitle "playchess.com"]
[Source "ChessBase"]
[SourceQuality "1"]
[TimeControl "40/4500+30:900+30"]

1. e4 e6 2. d4 d5 3. Nc3 Nf6 4. e5 Nfd7 5. Nf3 c5 6. dxc5 Nc6 7. Bf4 Bxc5 8. Bd3 f6 9. exf6 Nxf6 10. O-O O-O 11. Bg3 a6 12. a3 Bd7 13. Re1 Qe7 14. Bh4 Qd6 15. Bg3 Qe7 16. Bh4 Qd6 17. Bg3 Qe7 18. Bh4 1/2-1/2

[Event "GER-ch Youth U12M 2018"]
[Site "Willingen"]
[Date "2018.05.23"]
[Round "6"]
[White "Garner, Isaac"]
[Black "Neuber, Pascal"]
[Result "1-0"]
[ECO "B41"]
[WhiteElo "1751"]
[BlackElo "1782"]
[Annotator "NA RC"]
[PlyCount "67"]
[EventDate "2018.05.19"]
[EventType "swiss"]
[EventCountry "GER"]
[SourceTitle "playchess.com"]
[Source "ChessBase"]
[SourceQuality "1"]
[TimeControl "40/4500+30:900+30"]

1. e4 c5 2. Nf3 e6 3. d4 cxd4 4. Nxd4 a6 5. c4 Nf6 6. Nc3 Qc7 7. a3 Be7 8. Be3 O-O 9. Be2 d6 10. O-O Nc6 11. Rc1 Ne5 12. f4 Ng6 13. Qd3 Rd8 14. g3 Qb8 15. Bf3 Bd7 16. b4 Qc7 17. Rfd1 Rac8 18. Nb1 Ba4 19. Re1 Be8 20. Re2 Qb8 21. Rec2 d5 22. cxd5 Rxc2 23. Rxc2 exd5 24. e5 Nd7 25. Nc3 Nb6 26. Nf5 Nc8 27. Nxd5 Ba4 28. Rxc8 Rxc8 29. Ndxe7+ Kh8 30. Nxc8 Qxc8 31. Bxb7 Qc7 32. Qd6 Qxd6 33. Nxd6 Kg8 34. Bxa6 1-0

[Event "GER-ch Youth U12M 2018"]
[Site "Willingen"]
[Date "2018.05.23"]
[Round "6"]
[White "Hagenbeck-Hübert, Ben"]
[Black "Hecht, Jonas Christian"]
[Result "1/2-1/2"]
[ECO "B23"]
[WhiteElo "1749"]
[BlackElo "1713"]
[Annotator "NA RC"]
[PlyCount "104"]
[EventDate "2018.05.19"]
[EventType "swiss"]
[EventCountry "GER"]
[SourceTitle "playchess.com"]
[Source "ChessBase"]
[SourceQuality "1"]
[TimeControl "40/4500+30:900+30"]

1. e4 c5 2. Nc3 Nc6 3. f4 e6 4. Nf3 a6 5. g3 Nf6 6. Bg2 d5 7. d3 Be7 8. O-O O-O 9. h3 dxe4 10. dxe4 Qc7 11. Be3 b5 12. e5 Rd8 13. Qe1 Nd5 14. Nxd5 exd5 15. c3 Bb7 16. Rd1 Rac8 17. h4 Ra8 18. Bh3 Bc8 19. Bxc8 Raxc8 20. Kh2 Qd7 21. Qf2 Na5 22. b3 Nb7 23. Rg1 h5 24. Qg2 Rc6 25. Qh3 Qxh3+ 26. Kxh3 Kh8 27. Rd2 Rc7 28. Rgd1 Rcd7 29. e6 fxe6 30. Ne5 Kg8 31. Nxd7 Rxd7 32. f5 Kf7 33. fxe6+ Kxe6 34. Bf4 Bf6 35. Re2+ Kf7 36. Be5 Nd8 37. Bxf6 gxf6 38. g4 Ne6 39. Kg3 hxg4 40. Kxg4 d4 41. Kf5 Rd5+ 42. Kg4 f5+ 43. Kf3 d3 44. Re3 c4 45. Ree1 Nc5 46. Re3 Ne4 47. bxc4 bxc4 48. Rxe4 fxe4+ 49. Kxe4 Ra5 50. Rd2 Kg6 51. Kd4 Ra4 52. Kc5 Kh5 1/2-1/2

[Event "GER-ch Youth U12M 2018"]
[Site "Willingen"]
[Date "2018.05.23"]
[Round "6"]
[White "Rössel, Gino"]
[Black "Halabi, Ibrahim"]
[Result "*"]
[ECO "B52"]
[WhiteElo "1705"]
[BlackElo "1701"]
[Annotator "NA RC"]
[PlyCount "92"]
[EventDate "2018.05.19"]
[EventType "swiss"]
[EventCountry "GER"]
[SourceTitle "playchess.com"]
[Source "ChessBase"]
[SourceQuality "1"]
[TimeControl "40/4500+30:900+30"]

1. e4 c5 2. Nf3 d6 3. Bb5+ Bd7 4. Bxd7+ Qxd7 5. O-O e6 6. c3 Nf6 7. Re1 Nc6 8. d4 d5 9. exd5 Qxd5 10. b3 cxd4 11. cxd4 Bb4 12. Bd2 Bxd2 13. Qxd2 O-O 14. Nc3 Qd7 15. Rad1 Rad8 16. Ne4 Nxe4 17. Rxe4 Ne7 18. Rg4 Ng6 19. h4 e5 20. Rg3 e4 21. Ng5 Nxh4 22. Nxe4 Ng6 23. Ng5 Qf5 24. Rf3 Qg4 25. Nh3 Rd5 26. Rg3 Qe4 27. Ng5 Qf4 28. Qxf4 Nxf4 29. Rg4 Rfd8 30. Rxf4 Rxg5 31. Rc1 f6 32. Rc7 Ra5 33. a4 b5 34. axb5 Rxb5 35. Rxa7 Rxb3 36. Re4 Rb5 37. Ree7 Rg5 38. d5 Kf8 39. Rec7 h6 40. d6 f5 41. Rf7+ Kg8 42. Rfd7 Rxd7 43. Rxd7 Rg6 44. Rd8+ Kf7 45. d7 Ke7 46. Rf8 Kxd7 *

[Event "GER-ch Youth U12M 2018"]
[Site "Willingen"]
[Date "2018.05.23"]
[Round "6"]
[White "Klugstedt, Vincent"]
[Black "Werner, Denis"]
[Result "0-1"]
[ECO "D10"]
[WhiteElo "1689"]
[BlackElo "1706"]
[Annotator "NA RC"]
[PlyCount "116"]
[EventDate "2018.05.19"]
[EventType "swiss"]
[EventCountry "GER"]
[SourceTitle "playchess.com"]
[Source "ChessBase"]
[SourceQuality "1"]
[TimeControl "40/4500+30:900+30"]

1. d4 d5 2. c4 c6 3. Nc3 Nf6 4. cxd5 cxd5 5. Bf4 a6 6. Nf3 Nc6 7. e3 Bg4 8. Bd3 e6 9. O-O Be7 10. a3 O-O 11. Rc1 Rc8 12. h3 Bxf3 13. Qxf3 b5 14. a4 Nb4 15. Be2 bxa4 16. Nxa4 Ne4 17. Rfd1 Bh4 18. Bg3 Bxg3 19. fxg3 Qg5 20. Nc5 Nxc5 21. dxc5 Qe7 22. Qf4 a5 23. Qd6 Qb7 24. Qb6 Qxb6 25. cxb6 Rb8 26. Rc5 Rxb6 27. Rdc1 g6 28. Rxa5 Nc6 29. Rac5 Rxb2 30. Kf1 Ne7 31. g4 Rfb8 32. Kf2 Ra2 33. Kf1 Rb3 34. R5c3 Rxc3 35. Rxc3 Ra8 36. Rc7 Nc8 37. Rc6 Kf8 38. Bb5 Ra1+ 39. Kf2 Na7 40. Ra6 Rxa6 41. Bxa6 Nc6 42. g5 Ke7 43. Bb5 Kd6 44. Kg3 Kc5 45. Ba4 e5 46. Kf3 Nd8 47. Be8 Kc4 48. Ke2 Kc3 49. h4 d4 50. Bb5 Nb7 51. Bc6 Nd6 52. exd4 exd4 53. Bd5 d3+ 54. Kd1 Nf5 55. Bf3 d2 56. Ke2 Nd4+ 57. Kd1 Nxf3 58. gxf3 Kd3 0-1

[Event "GER-ch Youth U12M 2018"]
[Site "Willingen"]
[Date "2018.05.23"]
[Round "6"]
[White "Chassard, Cedric"]
[Black "Bakiev, Diyor"]
[Result "*"]
[ECO "C54"]
[WhiteElo "1590"]
[BlackElo "1752"]
[Annotator "NA RC"]
[PlyCount "141"]
[EventDate "2018.05.19"]
[EventType "swiss"]
[EventCountry "GER"]
[SourceTitle "playchess.com"]
[Source "ChessBase"]
[SourceQuality "1"]
[TimeControl "40/4500+30:900+30"]

1. e4 e5 2. Nf3 Nc6 3. Bc4 Bc5 4. c3 Nf6 5. d4 exd4 6. cxd4 Bb4+ 7. Nbd2 d5 8. exd5 Nxd5 9. O-O O-O 10. a3 Be7 11. h3 Bf5 12. Nb3 Re8 13. Re1 a6 14. Nc5 Na5 15. Bxd5 Qxd5 16. Re5 Qc4 17. Rxf5 Rad8 18. b3 Qb5 19. Qc2 g6 20. Re5 Nc6 21. Re4 f5 22. Re1 Bxc5 23. Rxe8+ Rxe8 24. dxc5 Re2 25. Qc4+ Qxc4 26. bxc4 Rc2 27. Be3 Na5 28. Rd1 Nxc4 29. Rd8+ Kg7 30. Bd4+ Kh6 31. Rd7 Ra2 32. Bg7+ Kh5 33. Bf8 g5 34. Rg7 h6 35. Rxc7 Nd2 36. Nxd2 Rxd2 37. Rxb7 Rc2 38. Rb6 g4 39. Rxh6+ Kg5 40. h4+ Kf4 41. Re6 g3 42. Bd6+ Kg4 43. Bxg3 Rxc5 44. Rg6+ Kh5 45. Rxa6 Rc4 46. Rf6 Rc5 47. a4 Ra5 48. Kf1 Kg4 49. Rg6+ Kh5 50. Rg5+ Kh6 51. Ke2 Rxa4 52. Rxf5 Ra2+ 53. Kf3 Kg6 54. Rg5+ Kf6 55. Be5+ Ke6 56. h5 Ra3+ 57. Kg4 Ra4+ 58. f4 Ra2 59. g3 Ra7 60. h6 Rh7 61. Kh5 Rf7 62. Rg6+ Kd5 63. Bg7 Rc7 64. h7 Rc1 65. h8=Q Rh1+ 66. Kg5 Rg1 67. Qd8+ Ke4 68. Re6+ Kf3 69. Qd3+ Kg2 70. Qe2+ Kh1 71. Rh6# *

[Event "GER-ch Youth U12M 2018"]
[Site "Willingen"]
[Date "2018.05.23"]
[Round "7"]
[White "Bui, Bao Anh Le"]
[Black "Garner, Isaac"]
[Result "1/2-1/2"]
[ECO "B40"]
[WhiteElo "1974"]
[BlackElo "1784"]
[Annotator "NA RC"]
[PlyCount "47"]
[EventDate "2018.05.19"]
[EventType "swiss"]
[EventCountry "GER"]
[SourceTitle "playchess.com"]
[Source "ChessBase"]
[SourceQuality "1"]
[TimeControl "40/4500+30:900+30"]

1. e4 c5 2. Nf3 e6 3. c4 Nc6 4. Nc3 Nd4 5. Bd3 {[%emt 0:00:05] B40: Sicilian: 2...e6, Unusual lines} Ne7 6. Nxd4 cxd4 7. Ne2 Nc6 8. Bc2 e5 $146 ({Predecessor:} 8... Be7 9. d3 O-O 10. O-O Rb8 11. Ba4 e5 12. f4 d6 {½-½ (70) Melkumyan,H (2654)-Ladva,O (2522) chess.com INT 2018}) 9. O-O Be7 10. f4 d6 11. f5 a6 12. d3 O-O 13. Ng3 Bg5 14. Qg4 Bxc1 15. Raxc1 h6 16. h4 Kh8 17. Qh5 Ne7 (17... f6 $11 {remains equal.}) 18. Nh1 Ng8 19. Nf2 Nf6 20. Qf3 h5 21. Kh1 g6 22. g4 hxg4 23. Nxg4 {[%emt 0:00:04] [#]} Nh5 $1 24. Qf2 $19 (24. Rf2 {was called for.} Nf4 25. fxg6) 1/2-1/2

[Event "GER-ch Youth U12M 2018"]
[Site "Willingen"]
[Date "2018.05.23"]
[Round "7"]
[White "Foerster-Yialamas, Lucas"]
[Black "Metzdorf, Matteo"]
[Result "0-1"]
[ECO "C11"]
[WhiteElo "1924"]
[BlackElo "1832"]
[Annotator "NA RC"]
[PlyCount "104"]
[EventDate "2018.05.19"]
[EventType "swiss"]
[EventCountry "GER"]
[SourceTitle "playchess.com"]
[Source "ChessBase"]
[SourceQuality "1"]
[TimeControl "40/4500+30:900+30"]

1. e4 e6 2. d4 d5 3. Nc3 Nf6 4. e5 Nfd7 5. f4 c5 6. Nf3 Nc6 7. Be3 {[%emt 0:00:28] LiveBook: 6312 Games} a6 8. Qd2 b5 9. dxc5 Bxc5 10. O-O-O {[%emt 0:00:50] C11: French: Classical System: 4 e5 and 4 Bg5 dxe4} (10. Ne2 O-O 11. Ned4 Qb6 12. c3 b4 13. Bd3 a5 14. O-O Ba6 15. Kh1 Bxd3 16. Qxd3 Qa6 17. Qc2 bxc3 18. bxc3 {½-½ (31) Dominguez Perez,L (2739)-So,W (2788) Saint Louis 2017}) 10... Qb6 11. Nd4 f6 12. exf6 Nxf6 13. g3 $146 ({Predecessor:} 13. Be2 O-O 14. Bf3 Na5 15. b3 Rb8 16. Rde1 Re8 17. g4 Ne4 18. Bxe4 dxe4 {0-1 (28) Pomaro,A (2306)-Javina,D (2376) Grosseto 2010}) 13... O-O 14. Bh3 e5 15. fxe5 Nxe5 16. Bxc8 Raxc8 17. Nf5 $1 Nc4 18. Nxd5 $2 (18. Bxc5 $11 {and White has nothing to worry.} Qxc5 19. Qd4) 18... Qe6 19. Bxc5 $2 (19. Qd3 {might work better.} Nxd5 20. Qxd5 Qxd5 21. Rxd5 Bxe3+ 22. Nxe3 Nxe3 23. Rd2) 19... Nxd2 20. Nde7+ Kh8 21. Nxc8 Rxc8 22. Rxd2 Qxf5 23. Bb6 Qe6 24. Bd4 Qxa2 25. b3 Qa3+ 26. Bb2 Qc5 27. Rhd1 h6 28. Bd4 Qf5 29. Rf2 Qe6 30. h4 Ng4 31. Rfd2 Qc6 32. Bb2 Ne3 33. Re1 Nxc2 34. Re7 Qh1+ 35. Rd1 Ne3+ 36. Kb1 Qxd1+ 37. Ka2 Nf5 38. Rf7 Qd5 39. Ra7 Rc2 40. Rxa6 Qd4 41. Ra8+ Kh7 42. Ka3 Qxb2+ 43. Kb4 Rc4+ 44. Ka5 Qa3+ 45. Kb6 Qxa8 46. bxc4 bxc4 47. g4 Qd5 48. g5 c3 49. h5 c2 50. g6+ Kg8 51. Kc7 c1=Q+ 52. Kb8 Qd7 0-1

[Event "GER-ch Youth U12M 2018"]
[Site "Willingen"]
[Date "2018.05.23"]
[Round "7"]
[White "Hommer, Jeremy"]
[Black "Laux, Dominik"]
[Result "1/2-1/2"]
[ECO "B06"]
[WhiteElo "1897"]
[BlackElo "1889"]
[Annotator "NA RC"]
[PlyCount "104"]
[EventDate "2018.05.19"]
[EventType "swiss"]
[EventCountry "GER"]
[SourceTitle "playchess.com"]
[Source "ChessBase"]
[SourceQuality "1"]
[TimeControl "40/4500+30:900+30"]

1. e4 g6 2. d4 Bg7 3. Nc3 c6 4. Be3 d6 5. Qd2 Nf6 6. f3 Nbd7 7. O-O-O O-O 8. g4 b5 9. Kb1 {[%emt 0:00:18] B07: Pirc Defence: Miscellaneous Systems} b4 (9... Nb6 10. g5 Nh5 11. b3 a5 12. Nce2 f5 13. gxf6 Nxf6 14. Ng3 a4 15. h4 axb3 16. cxb3 {½-½ (37) Barria Zuniga,D (2427)-Campora,D (2535) Seville 2008}) 10. Nce2 a5 11. Nc1 Bb7 $146 ({Predecessor:} 11... Nb6 12. Bh6 Ba6 13. Bxg7 Kxg7 14. Bxa6 Rxa6 15. h4 Qb8 16. b3 {1-0 (43) Gelfenboim,J-Baur,F Germany 1997}) 12. Bh6 c5 13. Bxg7 Kxg7 14. dxc5 Nxc5 15. Qe3 Qc7 16. h4 Ncxe4 17. fxe4 Bxe4 18. Rh2 Nxg4 19. Qxe4 Nxh2 20. Bh3 f5 21. Qg2 Ng4 22. Bxg4 fxg4 23. Qxg4 Rac8 24. Qe2 Rf7 25. Nh3 Qc4 26. h5 $2 (26. Qg2 $17) 26... Qxe2 27. Nxe2 Rcf8 28. hxg6 Rf1 29. Kc1 hxg6 30. Rxf1 Rxf1+ 31. Kd2 e5 32. Ng5 Kf6 33. Ne4+ Ke6 34. c4 Rf8 (34... d5 $142 35. cxd5+ Kxd5) 35. b3 Rg8 36. Ng5+ Kf6 37. Ne4+ Ke7 38. Ng5 Rh8 39. Ne4 Rh5 40. Ke3 Rh3+ 41. Kd2 Rh5 ({Black should play} 41... Kd7 $17 42. Nf6+ Kc6) 42. Ke3 Ke6 43. N2g3 Rh2 44. Ne2 Rh8 45. N2g3 Rf8 46. Ng5+ Kd7 47. N5e4 Kc6 48. Ng5 a4 49. N5e4 axb3 $11 50. axb3 d5 51. cxd5+ Kxd5 52. Nh1 Rh8 {[%emt 0:01:15] Kd4+} 1/2-1/2

[Event "GER-ch Youth U12M 2018"]
[Site "Willingen"]
[Date "2018.05.23"]
[Round "7"]
[White "Farokhi, Keyvan"]
[Black "Chassard, Cedric"]
[Result "1/2-1/2"]
[ECO "C11"]
[WhiteElo "1844"]
[BlackElo "1590"]
[Annotator "NA RC"]
[PlyCount "124"]
[EventDate "2018.05.19"]
[EventType "swiss"]
[EventCountry "GER"]
[SourceTitle "playchess.com"]
[Source "ChessBase"]
[SourceQuality "1"]
[TimeControl "40/4500+30:900+30"]

1. e4 e6 2. d4 d5 3. Nc3 Nf6 4. e5 Nfd7 5. f4 c5 6. Nf3 Nc6 7. Be3 a6 8. Qd2 b5 9. dxc5 Bxc5 10. Bd3 {[%emt 0:00:10] C11: Französische Verteidigung} (10. Ne2 O-O 11. Ned4 Qb6 12. c3 b4 13. Bd3 a5 14. O-O Ba6 15. Kh1 Bxd3 16. Qxd3 Qa6 17. Qc2 bxc3 18. bxc3 {½-½ (31) Dominguez Perez,L (2739)-So,W (2788) Saint Louis 2017}) 10... d4 11. Nxd4 Nxd4 12. Be4 Nxc2+ $146 ({Vorgänger:} 12... Qb6 13. Bxa8 Nf3+ 14. Bxf3 Bxe3 15. Qd6 Bxf4 16. Qxb6 Nxb6 17. Ne4 Ke7 {1-0 (45) Li,C (2669)-Vovk,Y (2564) Shenzhen 2011}) 13. Qxc2 Rb8 14. Bxc5 Nxc5 15. O-O Nxe4 16. Nxe4 Bb7 17. Nd6+ Kf8 18. Qc5 Kg8 19. Rad1 Bd5 20. Rxd5 exd5 21. Qxd5 Qe7 22. f5 h5 $1 23. e6 {[%emt 0:07:10] [#]} Rd8 $1 24. Qb7 Qxb7 25. Nxb7 Re8 26. Nd6 Re7 27. exf7+ Rxf7 28. Nxf7 Kxf7 29. Rc1 Rd8 30. Rc7+ Kf6 31. Rc6+ Kxf5 32. Rxa6 Rd1+ 33. Kf2 Rd2+ 34. Kg3 Rxb2 35. Ra5 g5 36. h3 Kf6 37. Ra3 b4 38. Ra6+ Kf5 39. Ra5+ Kf6 40. Kh2 b3 41. axb3 Rxb3 42. h4 gxh4 43. Rxh5 Kg6 44. Rxh4 Kg7 45. Ra4 Rb8 46. g4 Kg8 47. Kg3 Rc8 48. Kf4 Rb8 49. g5 Rb5 50. Ra8+ Kg7 51. Kg4 Rb6 $11 52. Kh5 Rc6 53. Ra7+ Kg8 54. g6 Rc1 55. Ra6 Rh1+ 56. Kg5 Rg1+ 57. Kf6 Rf1+ 58. Ke7 Re1+ 59. Re6 Rxe6+ 60. Kxe6 Kg7 61. Kf5 Kg8 62. Kf6 Kf8 1/2-1/2